 Dungeon Crawl Stone Soup version 0.21-a0-421-gfc1ce30 (webtiles) character file.

3141 GoodRolls the Nimble (level 9, -12/50 HPs)
             Began as a Deep Elf Fire Elementalist on Nov 5, 2017.
             Was a Follower of Vehumet.
             Killed from afar by Erica (27 damage)
             ... with an orb of energy
             ... on level 8 of the Dungeon.
             The game lasted 00:19:33 (7469 turns).

GoodRolls the Nimble (Deep Elf Fire Elementalist)   Turns: 7469, Time: 00:19:33

Health: -12/50     AC:  4    Str:  5    XL:     9   Next: 61%
Magic:  12/23      EV: 18    Int: 22    God:    Vehumet [*.....]
Gold:   353        SH:  6    Dex: 17    Spells: 6/24 levels left

rFire    . . .     SeeInvis .   r - +2 spear (venom)
rCold    . . .     Gourm    .   a - +2 buckler {rN+}
rNeg     + . .     Faith    .   D - +0 robe {MR+}
rPois    .         Spirit   .   (no helmet)
rElec    .         Reflect  .   i - +1 cloak
rCorr    +         Harm     .   (no gloves)
MR       ++...                  (no boots)
Stlth    ++........             (no amulet)
HPRegen  0.16/turn              o - ring of protection from magic
MPRegen  0.18/turn              v - ring of resist corrosion

@: lethally poisoned (-12 -> -16)
A: no striking features
a: Renounce Religion


You were on level 8 of the Dungeon.
You worshipped Vehumet.
Vehumet was aware of your devotion.
You were not hungry.

You visited 2 branches of the dungeon, and saw 9 of its levels.

You collected 353 gold pieces.

Inventory:

Hand Weapons
 r - a +2 spear of venom (weapon)
Armour
 a - a +2 buckler of positive energy (worn)
 i - a +1 cloak (worn)
 D - a +0 robe of magic resistance (worn)
Jewellery
 o - a ring of protection from magic (left hand)
 v - a ring of resist corrosion (right hand)
Wands
 k - a wand of iceblast (9/15)
 p - a wand of disintegration (15/24)
 B - a wand of polymorph (10/24)
Scrolls
 g - 4 scrolls of teleportation
 h - 2 scrolls of remove curse
 y - 2 scrolls of recharging
 A - a scroll of blinking
 C - 2 scrolls of amnesia
 G - a scroll of fog
Potions
 d - 3 potions of haste
 e - 2 potions of cancellation
 f - 3 potions of ambrosia
 j - 2 potions of berserk rage
 l - a potion of resistance
 m - 3 potions of agility
 q - 4 potions of curing
 t - 2 potions of might
 x - a potion of degeneration {unknown}
 z - a potion of brilliance {unknown}
Comestibles
 b - 7 fruits
 c - 5 bread rations
 n - 5 meat rations


   Skills:
 - Level 3.0 Fighting
 + Level 9.5 Dodging
 - Level 2.4 Stealth
 - Level 8.0 Spellcasting
 - Level 7.2 Conjurations
 - Level 7.1 Fire Magic


You had 6 spell levels left.
You knew the following spells:

 Your Spells              Type           Power        Failure   Level  Hunger
a - Flame Tongue          Conj/Fire      #####        1%          1    None
b - Throw Flame           Conj/Fire      #####.       1%          2    None
c - Conjure Flame         Conj/Fire      #####...     1%          3    None
d - Inner Flame           Hex/Fire       ###.....     9%          3    None
e - Sticky Flame          Conj/Fire      #####...     6%          4    ###....
f - Fireball              Conj/Fire      #####.....   19%         5    #####..


Dungeon Overview and Level Annotations

Branches:
Dungeon (8/15)             Temple (1/1) D:6
   Lair: D:8-11

Altars:
Ashenzari
Hepliaklqana
Ru
Sif Muna
Uskayaw
Vehumet

Shops:
D:5 (   D:6 [

Annotations:
D:8 Erica


Message History

The quasit claws you but does no damage.
The quasit barely misses you.
Unknown command.
You feel sick.
The bullfrog zombie burns!
You feel sick.
The bullfrog zombie burns!
The bullfrog zombie barely misses you. The quasit closely misses you.
The quasit claws you but does no damage.
You block the quasit's attack.
You feel sick.
The bullfrog zombie burns!
You destroy the bullfrog zombie!
Vehumet accepts your kill.
You feel your power returning.
You feel sick.
You feel sick.
Something tries to affect you, but you resist.
You feel sick.
An orb of energy appears from out of thin air!
The orb of energy hits you!
Ouch! That really hurt!
You die...

#.#...........#.#.# #...##.
'#.###...#######.#.# #...##.
..................#.# #######
......#....#.#......# #
......#....#.#.##############
..... #....#.#.###.........#
####.###
#....#.#.##.......##.# #...
#....#.#..........##.# .#.#
#....#@####.......##.## .#.#
#....#.#############...
...########....#.#.[..# ####
...†...........#.#....#
..#########...##.#....### ..
..........5....[...... ### ..
####....(..##......... ... ..
#.......##......... ... ..
#.......##......... ...


There were no monsters in sight!

Vanquished Creatures
  A hornet (D:8)
  Grinder (D:3)
  Sigmund (D:6)
  The ghost of fatnerd the Covered, an amateur MiFi (D:3)
  Menkaure (D:4)
  An orc warrior (D:7)
  A black bear (D:7)
  An ice beast (D:8)
  2 phantoms
  3 ogres
  2 centaurs (D:5)
  2 big kobolds (D:7)
  2 bullfrogs
  A scorpion (D:4)
  3 killer bees (D:7)
  2 vampire bats (D:4)
  3 crimson imps
  A bullfrog zombie (D:8)
  2 hounds
  4 orc priests
  A bullfrog skeleton (D:5)
  A centaur skeleton (D:5)
  A jelly (D:8)
  Natasha (thrice) (D:3)
  4 worker ants
  3 orc wizards
  9 gnolls
  6 adders
  2 shadow imps (D:6)
  2 adder zombies (D:5)
  4 worms
  2 dart slugs (D:1)
  6 leopard geckos
  20 orcs
  2 ball pythons
  5 giant cockroaches
  9 goblins
  4 hobgoblins
  2 jackals (D:1)
  14 kobolds
  3 quokkas
  10 bats
  3 frilled lizards
  A giant cockroach zombie (D:6)
  A leopard gecko skeleton (D:6)
  2 leopard gecko zombies
  A quokka skeleton (D:4)
  A quokka zombie (D:5)
  5 rats
162 creatures vanquished.

Vanquished Creatures (others)
  A bullfrog (D:8)
1 creature vanquished.

Grand Total: 163 creatures vanquished

Notes
Turn   | Place    | Note
-------+----------+-------------------------------------------
     0 | D:1      | GoodRolls the Deep Elf Fire Elementalist began the quest for the Orb.
     0 | D:1      | Reached XP level 1. HP: 10/10 MP: 6/6
   142 | D:1      | Reached XP level 2. HP: 15/15 MP: 6/8
   163 | D:1      | Learned a level 2 spell: Throw Flame
   714 | D:1      | Reached XP level 3. HP: 19/19 MP: 6/9
   832 | D:2      | Learned a level 3 spell: Conjure Flame
  1336 | D:2      | Reached XP level 4. HP: 15/24 MP: 12/12
  1530 | D:2      | Learned a level 3 spell: Inner Flame
  1654 | D:3      | Noticed fatnerd's ghost (amateur MiFi)
  1920 | D:3      | Noticed Grinder
  1940 | D:3      | Killed fatnerd's ghost
  1940 | D:3      | Reached XP level 5. HP: 24/28 MP: 3/16
  1983 | D:3      | Learned a level 4 spell: Sticky Flame
  2020 | D:3      | Paralysed by Grinder for 4 turns
  2029 | D:3      | Killed Grinder
  2029 | D:3      | Reached XP level 6. HP: 17/32 MP: 9/17
  2338 | D:3      | Noticed Natasha
  2343 | D:3      | Killed Natasha
  2343 | D:3      | Reached skill level 5 in Conjurations
  2421 | D:3      | Learned a level 5 spell: Fireball
  2437 | D:3      | Noticed Natasha
  2441 | D:3      | Killed Natasha
  2546 | D:3      | Noticed Natasha
  2550 | D:3      | Killed Natasha
  2550 | D:3      | Reached skill level 3 in Dodging
  2636 | D:4      | Reached XP level 7. HP: 36/36 MP: 19/19
  2741 | D:4      | Reached skill level 4 in Dodging
  3052 | D:4      | Noticed Menkaure
  3060 | D:4      | Killed Menkaure
  3060 | D:4      | Reached skill level 5 in Dodging
  3163 | D:4      | Reached skill level 6 in Dodging
  3279 | D:4      | Found the +4 Vampire's Tooth {vamp}
  3324 | D:5      | Entered Level 5 of the Dungeon
  3334 | D:5      | Reached skill level 5 in Fire Magic
  3404 | D:5      | Reached XP level 8. HP: 16/41 MP: 11/20
  4181 | D:5      | Found Uxedas's Weapon Emporium.
  4807 | D:6      | Noticed Sigmund
  4876 | D:6      | Killed Sigmund
  4876 | D:6      | Reached skill level 7 in Dodging
  4895 | D:6      | Identified a scroll of acquirement
  4977 | D:6      | Found a staircase to the Ecumenical Temple.
  5038 | Temple   | Entered the Ecumenical Temple
  5045 | Temple   | Became a worshipper of Vehumet
  5200 | D:6      | Found Sedots's Antique Armour Shoppe.
  5234 | D:6      | Reached skill level 8 in Dodging
  5779 | D:7      | Reached skill level 1 in Fighting
  5933 | D:7      | Reached * piety under Vehumet
  5933 | D:7      | Offered knowledge of Sandblast by Vehumet.
  5933 | D:7      | Reached XP level 9. HP: 45/48 MP: 2/21
  6448 | D:7      | Found a deep blue altar of Sif Muna.
  7006 | D:8      | Paralysed by a hornet for 3 turns
  7260 | D:8      | Reached skill level 9 in Dodging
  7443 | D:8      | Noticed Erica
  7469 | D:8      | Killed from afar by Erica

Vault maps used:
D:1:      arrival_zaba_pyramid
D:2:      minmay_domino_2
D:3:      first_bread, uniq_natasha, uniq_grinder
D:4:      minmay_guarded_unrand_vampires_tooth, uniq_menkaure
D:5:      serial_shops, nicolae_shop_waterfront
D:6:      minmay_temple_entry_statues_pillars, serial_shops, shop, uniq_sigmund
D:7:      basic_altar, grunt_ogre_cave
D:8:      kennysheep_generic_room_7, uniq_erica
Temple:   nicolae_temple_the_god_donut

Skill      XL: |  1  2  3  4  5  6  7  8  9 |
---------------+----------------------------+-----
Conjurations   | 2 3 4 5 6 7 |  7.2
Fire Magic     | 4 5 7 |  7.1
Spellcasting   | 4 6 7 8 |  8.0
Dodging        | 3 6 8 9 |  9.5
Fighting       | 2 3 |  3.0
Stealth        | |  2.4

Action                   |  1- 3 |  4- 6 |  7- 9 || total
-------------------------+-------+-------+-------++-------
Melee: Unarmed           |    24 |       |       ||    24
       Spear             |     3 |    18 |   243 ||   264
 Cast: Flame Tongue      |    59 |    11 |    41 ||   111
       Throw Flame       |    12 |       |     5 ||    17
       Conjure Flame     |       |     2 |     2 ||     4
       Sticky Flame      |       |     5 |    53 ||    58
       Fireball          |       |       |     3 ||     3
  Use: Scroll            |     5 |     7 |     8 ||    20
       Potion            |       |       |     1 ||     1
 Stab: Sleeping          |       |     2 |     5 ||     7
       Distracted        |       |     1 |       ||     1
  Eat: Chunk             |     2 |     4 |    15 ||    21
       Meat ration       |       |       |     1 ||     1
       Bread ration      |       |       |     1 ||     1
Armor: Robe              |    10 |     2 |    45 ||    57
Dodge: Dodged            |    35 |    15 |   237 ||   287
Block: Buckler           |       |       |    47 ||    47

Table legend:
 A = Spawn XP
 B = Non-spawn XP
 C = Spawn XP percentage of total XP
 D = Spawn monster count
 E = Non-spawn monster count
 F = Spawn count percentage of total count
 G = Total turns spent on level
                    A         B        C        D         E        F      G
               +---------+---------+-------+---------+---------+-------+---------
         Total |       0 |    4488 |   0.0 |       0 |     163 |   0.0 |  7469
               +---------+---------+-------+---------+---------+-------+---------
           D:1 |       0 |      43 |   0.0 |       0 |      22 |   0.0 |   825
           D:2 |       0 |     100 |   0.0 |       0 |      21 |   0.0 |   954
           D:3 |       0 |     589 |   0.0 |       0 |      12 |   0.0 |   850
           D:4 |       0 |     482 |   0.0 |       0 |      19 |   0.0 |   695
           D:5 |       0 |     818 |   0.0 |       0 |      23 |   0.0 |  1533
           D:6 |       0 |     608 |   0.0 |       0 |      23 |   0.0 |  1111
           D:7 |       0 |    1213 |   0.0 |       0 |      34 |   0.0 |   922
           D:8 |       0 |     635 |   0.0 |       0 |       9 |   0.0 |   565
               +---------+---------+-------+---------+---------+-------+---------
